 Dungeon Crawl Stone Soup version 0.28-a0-631-g0446da8ef9 (webtiles) character file.

Game seed: 2646650002103480292

42620 jasper the Martial Artist (level 13, -36/101 HPs)
             Began as a Demonspawn Venom Mage on Oct 10, 2021.
             Was a High Priest of Cheibriados.
             Splashed with acid (72 damage)
             ... on level 6 of the Lair of Beasts.
             The game lasted 00:28:55 (24830 turns).

jasper the Martial Artist (Demonspawn Venom Mage)  Turns: 24830, Time: 00:28:55

Health: -36/101    AC: 29    Str: 23    XL:     13   Next: 86%
Magic:  21/21      EV: 19    Int: 42    God:    Cheibriados [*****.]
Gold:   1432       SH:  0    Dex: 26    Spells: 4/23 levels left

rFire   . . .      SeeInvis +     - Unarmed
rCold   . . .      Faith    .   (no shield)
rNeg    . . .      Spirit   .   V - +12 chain mail of Neir {Str-4 Int+4 SInv}
rPois   .          Reflect  .   (helmet restricted)
rElec   +          Harm     .   c - +0 cloak
rCorr   .          Rampage  .   e - +1 pair of gloves of Devotion {rElec Str+3}
Will    .....                   N - +0 pair of boots "Moxom" {Str+3 Int+5}
Stlth   ..........              (no amulet)
HPRegen 0.26/turn               Q - +4 ring of evasion
MPRegen 0.17/turn               j - +4 ring of slaying

@: very slow
A: horns 1, spiny 2, sharp scales 2, demonic magic 3
a: Renounce Religion, Bend Time, Temporal Distortion, Slouch, Step From Time


You were on level 6 of the Lair of Beasts.
You worshipped Cheibriados.
Cheibriados was extremely pleased with you.
You visited 3 branches of the dungeon, and saw 17 of its levels.
You also visited: Bailey.

You collected 1544 gold pieces.
You spent 112 gold pieces at shops.

Inventory:

Hand Weapons
 d - a +0 vorpal spear
 h - a +1 trident of venom
Missiles
 f - 666 stones (quivered)
 A - 7 javelins
 K - 5 throwing nets
Armour
 a - a +0 robe
 b - +0 ice dragon scales
 c - a +0 cloak (worn)
 e - the +1 pair of gloves of Devotion (worn) {rElec Str+3}
   (You acquired it on level 5 of the Lair of Beasts)

   Str:       It affects your strength (+3).
   rElec:     It insulates you from electricity.
 F - a +0 buckler
 J - a +2 kite shield
 M - the +3 leather armour "Ebunej" {rF+ rC+ Str+4}
   (You found it in a bailey)

   Str:       It affects your strength (+4).
   rF:        It protects you from fire.
   rC:        It protects you from cold.
 N - the +0 pair of boots "Moxom" (worn) {Str+3 Int+5}
   (You found it in a bailey)

   Str:       It affects your strength (+3).
   Int:       It affects your intelligence (+5).
 V - the +12 chain mail of Neir (worn) {Str-4 Int+4 SInv}
   (You found it on level 4 of the Lair of Beasts)

   Str:       It affects your strength (-4).
   Int:       It affects your intelligence (+4).
   SInv:      It lets you see invisible.
Jewellery
 j - a +4 ring of slaying (right hand)
 m - a ring of positive energy
 x - the necklace of Bloodlust {*Rage Will++ Int-3 Slay+6}
   (You found it on level 5 of the Lair of Beasts)

   [amulet of nothing]

   It extends the wearer's berserk rage when killing foes.
   Int:       It affects your intelligence (-3).
   Slay:      It affects your accuracy & damage with ranged weapons and melee
   (+6).
   *Rage:     It berserks you when you make melee attacks (+50% chance).
   Will:      It greatly increases your willpower.
 Q - a +4 ring of evasion (left hand)
Wands
 q - a wand of flame (78)
 s - a wand of charming (6)
 t - a wand of paralysis (12)
 w - a wand of mindburst (16)
 y - a wand of digging (1)
 E - a wand of acid (22)
 U - a wand of iceblast (9)
Scrolls
 g - 3 scrolls of amnesia
 o - a scroll of enchant weapon
 B - 2 scrolls of vulnerability
 D - 3 scrolls of teleportation
 P - 2 scrolls of fear
Potions
 i - 5 potions of might
 k - 3 potions of flight
 l - 2 potions of haste
 n - 5 potions of ambrosia
 p - 3 potions of brilliance
 r - 2 potions of degeneration
 u - a potion of lignification
 v - a potion of attraction
 H - 2 potions of mutation
 I - a potion of magic
 O - 2 potions of heal wounds
 R - a potion of berserk rage
 T - 2 potions of invisibility
Miscellaneous
 G - a lightning rod (4/4)
 L - a condenser vane
 S - a phantom mirror


   Skills:
 - Level 9.3 Fighting
 - Level 7.2 Armour
 - Level 8.8 Dodging
 - Level 1.7 Stealth
 - Level 12.0 Unarmed Combat
 - Level 5.9 Spellcasting
 - Level 3.2 Conjurations
 + Level 4.5 Transmutations
 - Level 2.2 Fire Magic
 - Level 3.0 Air Magic
 - Level 8.0 Poison Magic
 - Level 9.1 Invocations


You had 4 spell levels left.
You knew the following spells:

 Your Spells              Type           Power      Damage    Failure   Level
a - Ignite Poison         Fire/Tmut/Pois 52%        N/A       6%          3
b - Mephitic Cloud        Conj/Pois/Air  51%        N/A       6%          3
c - Olgreb's Toxic Radia  Pois           68%        N/A       6%          4
d - Wereblood             Tmut           50%        N/A       3%          2
e - Sublimation of Blood  Necr           6%         N/A       24%         2
f - Blade Hands           Tmut           25%        N/A       54%         5

Your spell library contained the following spells:

 Spells                   Type           Power      Damage    Failure   Level
 Sting                    Tmut/Pois      100%       1d8       1%          1
 Poisonous Vapours        Pois/Air       100%       N/A       2%          2
 Magic Dart               Conj           100%       1d8       4%          1
 Call Imp                 Summ           12%        N/A       24%         2
 Gell's Gravitas          Tloc           6%         N/A       43%         3
 Lesser Beckoning         Tloc           12%        N/A       43%         3
 Portal Projectile        Hex/Tloc       24%        N/A       43%         3
 Teleport Other           Tloc           12%        N/A       43%         3
 Freezing Cloud           Conj/Ice/Air   15%        6-21      87%         5
 Excruciating Wounds      Necr           6%         N/A       99%         5
 Summon Hydra             Summ           6%         N/A       100%        7


Dungeon Overview and Level Annotations

Branches:
Dungeon (10/15)            Temple (1/1) D:6            Lair (6/6) D:8
 Shoals (0/4) Lair:4       Spider (0/4) Lair:4        Slime (0/5) Lair:6
 Bailey (visited)
    Orc: D:9-12

Altars:
Ashenzari
Cheibriados
Dithmenos
Elyvilon
Fedhas
Gozag
Hepliaklqana
Kikubaaqudgha
Makhleb
Nemelex Xobeh
Okawaru
Qazlal
Ru
Sif Muna
Trog
Uskayaw
Vehumet
Wu Jian
Xom
Yredelemnul
Zin
The Shining One
Jiyva

Shops:
D:7 *[


Innate Abilities, Weirdness & Mutations

You have a pair of small horns on your head.
You are mostly covered in sharp spines.
You are mostly covered in razor-sharp scales. (AC +2, Slay +2)
Spells you cast and wands you use may paralyse nearby enemies.


Message History

You easily resist.
Your limbs are stiffening.
Unknown command.
Casting: Ignite Poison (mildly dangerous; 6% risk of failure)
Confirm with . or Enter, or press ? or * to list all spells.
You begin to radiate toxic energy.
The basilisk is poisoned.
Malevolent energies surge around you.
You have turned to stone.
The basilisk looks even sicker.
Your toxic aura wanes.
The basilisk bites you but does no damage.
The basilisk gazes at you.
You easily resist.
The basilisk hisses menacingly.
The basilisk is struck by your spines.
The basilisk bites you but does no damage.
The basilisk is struck by your spines.
The basilisk bites you but does no damage.
The basilisk is struck by your spines. The basilisk bites you!
The basilisk bites you but does no damage.
The basilisk is struck by your spines.
You kill the basilisk!
Cheibriados thoroughly appreciates the change of pace.
You turn to flesh and can move again.
You take 4 damage, and have 97/101 hp.
You now have 18/21 mp.
Unknown command.
Unknown command.
HP restored.
Magic restored.
Found 22 arrows.
Health restored: 101; MP restored: 21 You open the door.
Found a viscous altar of Jiyva.
Found a staircase to the Slime Pits.
There is an open door here.
You are splashed with acid!
You take 10 damage, and have 91/101 hp.
You are splashed with acid!!!
Ouch! That really hurt!
You take 55 damage, and have 36/101 hp.
MASSIVE DAMAGE!!
You are splashed with acid!!!!
Ouch! That really hurt!
You die...

##................#
.PP...............#
.................P#
.................###
.....P.####..#...PP#P#
.#...#.########......#
#.....###..###.######..
........#..#P.######
..............##@..#
..............##.>.#
.#....#.#.##..##.._# #
#.....#.#####.####.# ..P
.P.........#...###'##..P#
......................#
...................P#P#
..#..............#### #
♣.......♣♣######.#


There were no monsters in sight!

Vanquished Creatures
  Gastronok (Lair:1)
  Fannar (Lair:3)
  3 hydras
  A catoblepas (Lair:5)
  2 two-headed ogres
  4 death yaks (Lair:3)
  A fire crab (Lair:5)
  Pikel (D:4)
  12 black mambas
  2 manticores
  An elephant (Lair:5)
  A torpor snail (Lair:4)
  16 cane toads
  11 komodo dragons
  3 rime drakes
  2 trolls
  A queen bee (D:9)
  A hornet (D:6)
  6 polar bears
  A wind drake (Lair:4)
  9 blink frogs (Lair:4)
  7 dream sheep (Lair:6)
  2 vampires (D:9)
  A spriggan (Lair:4)
  A redback (Lair:4)
  5 wyverns
  A wraith (D:9)
  30 yaks
  5 basilisks
  2 hell hounds (Lair:2)
  11 water moccasins
  2 ice beasts
  2 sky beasts
  20 wolves
  4 orc warriors
  2 necrophages
  3 ogres
  4 centaurs
  4 lemures (D:4)
  2 phantoms
  13 bullfrogs
  9 gnoll sergeants
  A scorpion (D:5)
  23 killer bees
  2 howler monkeys
  7 electric eels
  4 centaur zombies
  5 hounds
  7 orc priests
  2 jellies
  A centaur skeleton (D:4)
  6 gnoll shamans (Bailey)
  Ijyb (D:5)
  A scorpion zombie (D:5)
  A bullfrog skeleton (D:4)
  2 iguanas
  7 orc wizards
  2 howler monkey zombies (D:5)
  21 gnolls
  6 adders
  4 worms
  2 dart slugs
  21 orcs
  3 ball pythons
  3 bats
  3 endoplasms
  3 giant cockroaches
  8 goblins
  9 hobgoblins
  10 jackals
  9 kobolds
  4 quokkas
  4 frilled lizards
  9 rats
401 creatures vanquished.

Vanquished Creatures (others)
  22 fungi
  35 plants
57 creatures vanquished.

Grand Total: 458 creatures vanquished

Notes
Turn   | Place    | Note
-------+----------+-------------------------------------------
     0 | D:1      | jasper the Demonspawn Venom Mage began the quest for the
                  | Orb.
     0 | D:1      | Reached XP level 1. HP: 13/13 MP: 3/3
   257 | D:3      | Gained mutation: You are partially covered in razor-sharp
                  | scales. (AC +1, Slay +1) [demonic ancestry]
   257 | D:3      | Reached XP level 2. HP: 19/19 MP: 0/5
   331 | D:3      | Found a basalt altar of Yredelemnul.
   793 | D:3      | Gained mutation: Spells you cast may paralyse adjacent
                  | enemies. [demonic ancestry]
   793 | D:3      | Reached XP level 3. HP: 19/24 MP: 1/6
   797 | D:3      | Learned a level 3 spell: Mephitic Cloud
  1193 | D:4      | Reached skill level 5 in Poison Magic
  1193 | D:4      | Reached XP level 4. HP: 27/30 MP: 1/7
  1738 | D:4      | Reached XP level 5. HP: 26/35 MP: 3/8
  1781 | D:5      | Entered Level 5 of the Dungeon
  2303 | D:5      | Found an iron altar of Okawaru.
  2386 | D:5      | Noticed an ice beast
  2399 | D:5      | Killed an ice beast
  2400 | D:5      | Gained mutation: You are mostly covered in razor-sharp
                  | scales. (AC +2, Slay +2) [demonic ancestry]
  2400 | D:5      | Reached XP level 6. HP: 12/41 MP: 3/9
  2405 | D:5      | Learned a level 4 spell: Olgreb's Toxic Radiance
  3110 | D:5      | Noticed Ijyb
  3110 | D:5      | Noticed a sky beast
  3120 | D:5      | Killed Ijyb
  3126 | D:5      | Killed a sky beast
  3127 | D:5      | Reached skill level 1 in Conjurations
  3127 | D:5      | Reached skill level 1 in Transmutations
  3127 | D:5      | Reached XP level 7. HP: 38/46 MP: 5/10
  3128 | D:5      | Reached skill level 1 in Air Magic
  3860 | D:7      | Noticed a hornet
  3866 | D:6      | Killed a hornet
  3867 | D:6      | Reached skill level 1 in Fighting
  3867 | D:6      | Reached skill level 1 in Armour
  3867 | D:6      | Reached skill level 1 in Unarmed Combat
  3867 | D:6      | Reached XP level 8. HP: 54/54 MP: 3/11
  3970 | D:8      | Reached skill level 2 in Unarmed Combat
  3992 | D:7      | Found Vujuas's Overcharged Wands.
  4106 | D:8      | Reached skill level 3 in Unarmed Combat
  4385 | D:7      | Reached skill level 4 in Unarmed Combat
  4385 | D:7      | Gained mutation: You are partially covered in sharp spines.
                  | [demonic ancestry]
  4385 | D:7      | Reached XP level 9. HP: 20/63 MP: 0/12
  5061 | D:1      | Found a faded altar of an unknown god.
  6222 | D:2      | Found an ornate altar of the Wu Jian Council.
  6708 | D:4      | Learned a level 3 spell: Ignite Poison
  7018 | D:4      | Noticed Pikel
  7038 | D:4      | Killed Pikel
  7039 | D:4      | Reached skill level 1 in Fire Magic
  7208 | D:4      | Found a radiant altar of Vehumet.
  7208 | D:4      | Found a sparkling altar of Nemelex Xobeh.
  7208 | D:4      | Found a snail-covered altar of Cheibriados.
  7338 | D:4      | Found an opulent altar of Gozag.
  7698 | D:6      | Reached skill level 5 in Unarmed Combat
  7799 | D:6      | Identified the +3 falchion "Nezuova" {venom, rElec rPois
                  | SInv Stlth+}
  7961 | D:6      | Found a staircase to the Ecumenical Temple.
  8112 | Temple   | Entered the Ecumenical Temple
  8433 | D:7      | Noticed a troll
  8564 | D:7      | Found Pehac's Antique Armour Shoppe.
  8573 | D:7      | Bought a pair of gloves for 112 gold pieces
  8872 | D:7      | Killed a troll
  9596 | D:8      | Reached skill level 6 in Unarmed Combat
  9721 | D:8      | Gained mutation: You have a pair of small horns on your
                  | head. [demonic ancestry]
  9721 | D:8      | Reached XP level 10. HP: 73/73 MP: 5/13
 10056 | D:8      | Found a staircase to the Lair.
 10062 | D:8      | Reached skill level 5 in Fighting
 10062 | D:8      | Reached skill level 5 in Dodging
 10724 | D:8      | Reached skill level 7 in Unarmed Combat
 12581 | D:9      | Reached skill level 8 in Unarmed Combat
 12990 | D:9      | Noticed a two-headed ogre
 13007 | D:9      | Killed a two-headed ogre
 13204 | D:9      | Found a sacrificial altar of Ru.
 13478 | D:9      | Found a shadowy altar of Dithmenos.
 13633 | D:10     | Entered Level 10 of the Dungeon
 13637 | D:10     | Gained mutation: Spells you cast may paralyse nearby
                  | enemies. [demonic ancestry]
 13637 | D:10     | Reached XP level 11. HP: 83/83 MP: 3/14
 13958 | D:10     | Noticed a two-headed ogre
 14050 | D:10     | Found a flagged portal.
 14056 | D:10     | Found a blossoming altar of Fedhas.
 14058 | Bailey   | Entered a bailey
 14588 | Bailey   | Reached skill level 9 in Unarmed Combat
 15016 | Bailey   | Identified the +3 leather armour "Ebunej" {rF+ rC+ Str+4}
 15030 | Bailey   | Identified the +0 pair of boots "Moxom" {Str+3 Int+5}
 15085 | D:10     | Found a shimmering altar of Xom.
 15338 | D:10     | Killed a two-headed ogre
 15776 | D:4      | Became a worshipper of Cheibriados the Contemplative
 15891 | Lair:1   | Entered Level 1 of the Lair of Beasts
 15910 | Lair:1   | Noticed Gastronok
 15924 | Lair:1   | Killed Gastronok
 15925 | Lair:1   | Reached skill level 10 in Unarmed Combat
 17410 | Lair:1   | Learned a level 2 spell: Wereblood
 17413 | Lair:1   | Learned a level 2 spell: Sublimation of Blood
 17693 | Lair:2   | Gained mutation: You are mostly covered in sharp spines.
                  | [demonic ancestry]
 17693 | Lair:2   | Reached XP level 12. HP: 74/94 MP: 7/15
 17818 | Lair:2   | Reached * piety under Cheibriados
 17820 | Lair:2   | Reached skill level 11 in Unarmed Combat
 18277 | Lair:2   | Noticed a four-headed hydra
 18283 | Lair:2   | Killed a four-headed hydra
 18980 | Lair:2   | Identified the +5 flail of Egomania {elec, Stlth+}
 18996 | Lair:3   | Noticed a death yak
 18997 | Lair:3   | Noticed a death yak
 18998 | Lair:3   | Noticed a death yak
 19003 | Lair:3   | Noticed a death yak
 19005 | Lair:3   | Killed a death yak
 19009 | Lair:3   | Killed a death yak
 19016 | Lair:3   | Killed a death yak
 19027 | Lair:3   | Killed a death yak
 19028 | Lair:3   | Reached skill level 12 in Unarmed Combat
 19482 | Lair:3   | Reached skill level 1 in Invocations
 19683 | Lair:3   | Noticed Fannar
 19698 | Lair:3   | Killed Fannar
 19929 | Lair:3   | Reached ** piety under Cheibriados
 20056 | Lair:3   | Noticed an eight-headed hydra
 20062 | Lair:3   | Killed an eight-headed hydra
 20525 | Lair:4   | Found a staircase to the Shoals.
 20536 | Lair:4   | Reached skill level 5 in Invocations
 20694 | Lair:4   | Reached skill level 5 in Armour
 20832 | Lair:4   | Found a hole to the Spider Nest.
 20985 | Lair:4   | Gained mutation: Spells you cast and wands you use may
                  | paralyse nearby enemies. [demonic ancestry]
 20985 | Lair:4   | Reached XP level 13. HP: 101/101 MP: 9/17
 20994 | Lair:4   | Identified the +6 battleaxe "Foyra" {freeze, rPois}
 21224 | Lair:4   | Identified the +12 chain mail of Neir {Str-4 Int+4 SInv}
 22281 | Lair:5   | Reached *** piety under Cheibriados
 22799 | Lair:5   | Identified the +5 dagger of Midnight {drain, rC+ rN+}
 22804 | Lair:5   | Identified a scroll of acquirement
 22804 | Lair:5   | Acquired the +1 pair of gloves of Devotion {rElec Str+3}
 23169 | Lair:5   | Reached **** piety under Cheibriados
 23563 | Lair:5   | Found the necklace of Bloodlust {*Rage Will++ Int-3 Slay+6}
 24127 | Lair:6   | Entered Level 6 of the Lair of Beasts
 24136 | Lair:6   | Reached skill level 5 in Spellcasting
 24151 | Lair:5   | Learned a level 5 spell: Blade Hands
 24189 | Lair:6   | Reached ***** piety under Cheibriados
 24825 | Lair:6   | Found a viscous altar of Jiyva.
 24825 | Lair:6   | Found a staircase to the Slime Pits.
 24830 | Lair:6   | Splashed with acid

Illustrated notes

Levels and vault maps discovered:
D:1:      minmay_arrival_shoal_huts, layout_rooms,
          hellmonk_ecumenical_altar_leap_of_faith, minmay_hexomino_p4
D:2:      layout_loops_ring, basic_altar
D:3:      layout_loops_cross, mainiacjoe_overflow_24_doors
D:4:      kennysheep_big_flooded_room, layout_basic,
          pdpol_temple_overflow_zin_treasury_gozag_greed,
          gammafunk_temple_overflow_claw, uniq_pikel
D:5:      layout_gridville, kennysheep_okawaru_gauntlet, uniq_ijyb
D:6:      layout_basic, lemuel_temple_firewalk_b
D:7:      layout_basic, nicolae_elyvilon_temple_path, serial_shops, shop,
          minmay_misc_feat_rows, nicolae_shop_overcharged_wands
D:8:      kennysheep_ambush_hall, layout_basic, erik_lair_island
D:9:      layout_long_grid, nicolae_overflow_crystal_walls,
          mainiacjoe_overflow_alcove_1, minivault_7
D:10:     layout_cave_pools, mainiacjoe_overflow_catwalk_spiral, enter_bailey_1
Temple:   eino_wide_crystal_templ
Lair:1:   layout_chaotic_city, st_stairs_7, uniq_gastronok
Lair:2:   layout_roguey, enter_volcano_3, gauntlet_entry_generic,
          beast_lair_carwin_6
Lair:3:   layout_concentric_octagons, grunt_forest_stairs_basic,
          cheibrodos_lair_lostbears, lemuel_fruit_tree, uniq_fannar
Lair:4:   layout_small_grid, minmay_shoals_entry_beasts, spider_nest_entry_a,
          serial_bayou_pond_d, grunt_forest_large_clearing_hut
Lair:5:   nzn_winding_woodlands_stair_cross [nzn_winding_woodlands_5x15_pool,
          nzn_winding_woodlands_center_pierced_h,
          nzn_winding_woodlands_5x15_default, nzn_winding_woodlands_hourglass,
          nzn_winding_woodlands_5x5_perimeter,
          nzn_winding_woodlands_5x15_pockets,
          nzn_winding_woodlands_center_diamonds,
          nzn_winding_woodlands_5x15_longhouse], layout_regular_city
Lair:6:   due_jungle_book, layout_long_grid, dpeg_slime_entry_enclosed_altar

Skill      XL: |  1  2  3  4  5  6  7  8  9 10 11 12 13 |
---------------+----------------------------------------+-----
Poison Magic   | 4 5 7 8 |  8.0
Conjurations   | 1 3 |  3.2
Transmutations | 1 3 4 |  4.5
Air Magic      | 3 |  3.0
Fighting       | 1 3 4 6 8 9 |  9.3
Armour         | 1 2 3 5 7 |  7.2
Dodging        | 2 3 4 6 7 8 |  8.8
Unarmed Combat | 1 4 6 8 10 12 | 12.0
Fire Magic     | 2 |  2.2
Invocations    | 5 9 |  9.1
Spellcasting   | 5 |  5.9
Stealth        | |  1.7

Action                   |  1- 3 |  4- 6 |  7- 9 | 10-12 | 13-15 || total
-------------------------+-------+-------+-------+-------+-------++-------
Melee: Spear             |     8 |     6 |       |       |       ||    14
       Trident           |       |    39 |   109 |       |       ||   148
       Unarmed           |       |       |     4 |   245 |   147 ||   396
       Headbutt          |       |       |       |    52 |    47 ||    99
       Punch             |       |       |       |    17 |     8 ||    25
Throw: Stone             |       |       |       |     5 |       ||     5
 Cast: Sting             |    42 |    58 |    17 |       |       ||   117
       Olgreb's Toxic Ra |       |     1 |    65 |    97 |    15 ||   178
       Ignite Poison     |       |       |     2 |    43 |     5 ||    50
       Mephitic Cloud    |       |       |       |     3 |       ||     3
Evoke: Wand              |       |       |       |     8 |       ||     8
       Condenser vane    |       |       |       |     1 |       ||     1
  Use: Scroll            |       |       |     7 |    14 |     2 ||    23
       Potion            |       |       |       |     3 |       ||     3
 Stab: Paralysed         |       |     5 |     8 |    21 |     7 ||    41
       Sleeping          |       |       |       |     1 |       ||     1
Armor: Robe              |     9 |    13 |    38 |    20 |       ||    80
       Leather armour    |       |       |       |    25 |       ||    25
       Ice dragon scales |       |       |       |    51 |     2 ||    53
       Chain mail        |       |       |       |       |    82 ||    82
Dodge: Dodged            |    14 |    37 |    91 |   232 |   139 ||   513

Table legend: (Time is in decaauts)
 A = Elapsed time spent in this place.
 B = Non-inter-level travel time spent in this place.
 C = Inter-level travel time spent in this place.
 D = Time resting spent in this place.
 E = Time spent auto-exploring this place.
 F = Levels seen in this place.
 G = Mean time per level.
                   A        B        C        D        E       F      G
               +--------+--------+--------+--------+--------+-----+--------+
         Total |  26648 |  25759 |    889 |   4459 |  18051 |  18 | 1480.4 |
       Dungeon |  14890 |  14224 |    666 |   2125 |  10305 |  10 | 1489.0 |
        Temple |     54 |     41 |     13 |      0 |     34 |   1 |   54.0 |
          Lair |  10679 |  10470 |    209 |   1782 |   7521 |   6 | 1779.8 |
        Bailey |   1023 |   1023 |      0 |    552 |    191 |   1 | 1023.0 |
               +--------+--------+--------+--------+--------+-----+--------+

Top non-repeatable levels by time:
  Lair:5: 2807 daAuts
     D:9: 2365 daAuts
     D:8: 2166 daAuts
     D:5: 1998 daAuts
  Lair:1: 1959 daAuts
     D:7: 1902 daAuts
  Lair:2: 1881 daAuts
  Lair:4: 1881 daAuts
     D:4: 1538 daAuts
  Lair:3: 1506 daAuts
     D:3: 1125 daAuts
     D:6: 1098 daAuts
     D:2: 1027 daAuts
  Bailey: 1023 daAuts
     D:1: 1015 daAuts
